AoeStats
← Infadel

Four Lakes

510022753Analyzed
1v1 RM · 3d ago on Sep 29, 2026· 30m 27s· 2 players
Game mode
Random Map
Map size
Tiny (2 player)
Population
200
Speed
Normal
Resources
Standard
Victory
Conquest
Starting age
Dark Age
Ending age
Imperial Age
RankedLock teamsTeams togetherTeam positionsShared explorationLock speedFull tech treeHidden civsTurbo modeCheats
Victory
Defeat
🇮🇳 Japanese · India
1152
+15
🇨🇳 Malay · China
1135
-15
养鱼的小太阳
7:13 Loom
10:07 Feudal Age
9:44 Double-Bit Axe
10:48 Fishing Lines
14:24 Man-at-Arms
18:02 Forging
22:58 Town Watch
26:58 Castle Age
24:57 Arson
25:41 Scale Barding Armor
26:01 Gold Mining
25:57 Horse Collar
27:19 Bow Saw
27:37 Gillnets
27:53 Stone Mining
Infadel
7:24 Loom
9:50 Feudal Age
10:47 Double-Bit Axe
10:30 Man-at-Arms
12:17 Forging
16:43 Scale Mail Armor
19:46 Horse Collar
21:37 Gold Mining
22:02 Fletching
22:24 Stone Mining
25:20 Castle Age
24:41 Padded Archer Armor
26:24 Bow Saw
27:51 Iron Casting
27:31 Chain Mail Armor
28:51 Town Watch
29:44 Wheelbarrow
Connection lost

Rejoining the realm…

Still unreachable

The connection could not be restored.

Session expired

The server has moved on; the page needs a fresh start.